 Dungeon Crawl Stone Soup version 0.28.0-1-gb440e238dd (webtiles) character file.

Game seed: 3107856000613099204

23 experimilk the Grasshopper (level 2, 0/23 HPs)
             Began as a Palentonga Warper on Feb 27, 2022.
             Slain by Terence (3 damage)
             ... on level 2 of the Dungeon.
             The game lasted 00:03:32 (953 turns).

experimilk the Grasshopper (Palentonga Warper)       Turns: 953, Time: 00:03:33

Health: 0/23       AC:  5    Str: 14    XL:     2   Next: 75%
Magic:  5/5        EV:  9    Int: 13    God:
Gold:   31         SH:  0    Dex:  9    Spells: 5/5 levels left

rFire   . . .      SeeInvis +   a - +0 falchion
rCold   . . .      Faith    .   (no shield)
rNeg    . . .      Spirit   .   b - +1 leather armour
rPois   .          Reflect  .   (no helmet)
rElec   .          Harm     .   (no cloak)
rCorr   .          Rampage  .   (no gloves)
Will    .....                   (no barding)
Stlth   +.........              (no amulet)
HPRegen 0.07/turn               (no ring)
MPRegen 0.09/turn               (no ring)

@: no status effects
A: large, rugged brown scales 3, see invisible, deformed body, roll 1, armoured
tail
a: Rolling Charge


You were on level 2 of the Dungeon.
You visited 1 branch of the dungeon, and saw 2 of its levels.

You collected 31 gold pieces.

Inventory:

Hand Weapons
 a - a +0 falchion (weapon)
Missiles
 d - 5 boomerangs of dispersal (quivered)
Armour
 b - a +1 leather armour (worn)
Scrolls
 c - a scroll of blinking
 e - a scroll of amnesia {unknown}
Potions
 f - a potion of magic {unknown}
 g - a potion of mutation {unknown}
 h - a potion of curing {unknown}


   Skills:
 + Level 2.2 Fighting
 * Level 2.5 Long Blades
 - Level 0.6 Throwing
 + Level 1.1 Armour
 - Level 1.5 Dodging
 - Level 2.0 Spellcasting
 * Level 3.4 Translocations


You had 5 spell levels left.
You didn't know any spells.
Your spell library contained the following spells:

 Spells                   Type           Power      Damage    Failure   Level
 Blink                    Tloc           20%        N/A       12%         2
 Gell's Gravitas          Tloc           10%        N/A       24%         3
 Lesser Beckoning         Tloc           10%        N/A       24%         3
 Teleport Other           Tloc           10%        N/A       24%         3
 Manifold Assault         Tloc           10%        N/A       91%         5


Dungeon Overview and Level Annotations

Branches:
Dungeon (2/15)

Altars:

Annotations:
D:2 Terence


Innate Abilities, Weirdness & Mutations

You are completely covered in rugged brown scales. (AC +3, +7% HP)
You have supernaturally acute eyesight. (SInv)
Armour fits poorly on your strangely shaped body.
You can roll at nearby foes to attack.
You have a long armoured tail.


Message History

Aim: an adder You roll forward with a clatter of scales!
You closely miss the adder. The adder barely misses you.
You closely miss the adder. The adder barely misses you.
The adder bites you but does no damage.
Unknown command.
You closely miss the adder. The adder barely misses you. x2
You closely miss the adder. The adder bites you but does no damage.
You barely miss the adder. You tail-slap the adder!
The adder is almost dead.
The adder barely misses you. The adder bites you.
You are poisoned.
The adder poisons you!
You barely miss the adder. You tail-slap the adder.
You kill the adder!
You feel sick.
You feel sick.
You see here an adder corpse.
You start resting.
You feel sick. x2
You are no longer poisoned.
You start resting.
HP restored.
Found a ring mail.
e - a scroll labelled VEDGHAO GUNIK Terence the Incautious comes into view.
He is wielding a +0 trident and wearing a +2 scale mail of cold resistance.
Roll where?
Press: ? - help, Dir - move target, f - Terence
Aim: Terence, wielding a +0 trident and wearing a +2 scale mail of cold resistance You roll forward with a clatter of scales!
You barely miss Terence. Terence hits you with a +0 trident!
You hit Terence but do no damage.
Terence shouts, "Get ready for death!"
Terence hits you with a +0 trident.
You closely miss Terence.
You tail-slap Terence, but do no damage.
Terence hits you with a +0 trident! Terence barely misses you.
Terence hits you with a +0 trident.
* * * LOW HITPOINT WARNING * * *
Terence hits you from afar with a +0 trident.
You die...

..>........#.###...........
.................########.#
#######.##..#.#### #..
#.########....###. ## #..
#......†.....## #
........... #.#########.##
#.# ##..#### ##.## #.# #.
##.###[#### # #@.#......
#####....##### #
#.....@......# .#
#.#####....#.# #.# #.
#......# ..# #. #....#.#
..##. #. #.#.##.# ..... #.
#.#.. .. ...# #. #........


You could see Terence.

Vanquished Creatures
  An adder (D:2)
  A worm (D:2)
  2 dart slugs
  An endoplasm (D:1)
  A giant cockroach (D:1)
  A goblin (D:1)
  2 rats (D:1)
9 creatures vanquished.

Notes
Turn   | Place    | Note
-------+----------+-------------------------------------------
     0 | D:1      | experimilk the Palentonga Warper began the quest for the
                  | Orb.
     0 | D:1      | Reached XP level 1. HP: 17/17 MP: 3/3
    25 | D:1      | You fall into a shaft and drop 1 floor!
   316 | D:1      | Reached skill level 1 in Armour
   316 | D:1      | Reached XP level 2. HP: 23/23 MP: 5/5
   937 | D:2      | Noticed Terence
   953 | D:2      | Slain by Terence

Illustrated notes

Levels and vault maps discovered:
D:1:      lightli_molten_gateway, layout_basic
D:2:      layout_loops_ring, uniq_terence

Skill      XL: |  1 |
---------------+----+-----
Armour         | 1 |  1.1
Fighting       | |  2.2
Long Blades    | |  2.5
Throwing       | |  0.6
Dodging        | |  1.5
Spellcasting   | |  2.0
Translocations | |  3.4

Action                   || total
-------------------------++-------
Melee: Falchion          ||    28
       Tailslap          ||     5
 Abil: Rolling Charge    ||     8
  Use: Scroll            ||     3
Armor: Leather armour    ||     6
Dodge: Dodged            ||    15
